AoeStats
← mops100

Arabia

505946839Analyzed
1v1 RM · 20d ago on Sep 11, 2026· 21m 45s· 2 players
Game mode
Random Map
Map size
Tiny (2 player)
Population
200
Speed
Normal
Resources
Standard
Victory
Conquest
Starting age
Dark Age
Ending age
Imperial Age
RankedLock teamsTeams togetherTeam positionsShared explorationLock speedFull tech treeHidden civsTurbo modeCheats
Victory
Defeat
🇩🇪 Mongols · Germany
1337
+17
🇷🇺 Japanese · Russia
1369
-17
Kingsglory
7:05 Loom
9:52 Feudal Age
10:45 Double-Bit Axe
13:31 Horse Collar
14:05 Padded Archer Armor
15:45 Fletching
22:11 Castle Age
20:47 Gold Mining
22:18 Wheelbarrow
21:31 Town Watch
mops100
7:50 Loom
9:54 Feudal Age
16:42 Castle Age
16:09 Fletching
16:20 Padded Archer Armor
17:23 Double-Bit Axe
18:40 Horse Collar
20:17 Bodkin Arrow
21:20 Bloodlines
22:00 Husbandry
Connection lost

Rejoining the realm…

Still unreachable

The connection could not be restored.

Session expired

The server has moved on; the page needs a fresh start.